 Dungeon Crawl Stone Soup version 0.22.0-40-g68aacdc4c8 (webtiles) character file.

254 Peloso the Covered (level 5, 0/47 HPs)
             Began as a Minotaur Fighter on Sept 2, 2018.
             Killed by nerve-wracking pain
             ... invoked by Grinder
              (12 damage)
             ... on level 3 of the Dungeon.
             The game lasted 00:04:21 (1737 turns).

Peloso the Covered (Minotaur Fighter)               Turns: 1737, Time: 00:04:22

Health: 0/47       AC:  8    Str: 26    XL:     5   Next: 91%
Magic:  4/4        EV:  8    Int:  5    God:
Gold:   166        SH: 10    Dex: 10    Spells: 4/4 levels left

rFire    . . .     SeeInvis +   a - +0 long sword
rCold    . . .     Gourm    .   c - +0 shield
rNeg     . . .     Faith    .   b - +0 scale mail
rPois    .         Spirit   .   (helmet restricted)
rElec    .         Reflect  .   g - +0 cloak
rCorr    .         Harm     .   (no gloves)
MR       .....                  (no boots)
Stlth    ..........             (no amulet)
HPRegen  0.15/turn              j - ring of see invisible
MPRegen  0.09/turn              (no ring)

@: mighty
A: retaliatory headbutt, horns 2
a: no special abilities


You were on level 3 of the Dungeon.
You were not hungry.

You visited 1 branch of the dungeon, and saw 3 of its levels.

You collected 166 gold pieces.

Inventory:

Hand Weapons
 a - a +0 long sword (weapon)
Armour
 b - a +0 scale mail (worn)
 c - a +0 shield (worn)
 g - a +0 cloak (worn)
Jewellery
 j - a ring of see invisible (left hand)
Scrolls
 e - 4 scrolls of identify {unknown}
 h - a scroll of immolation {unknown}
 k - 2 scrolls of amnesia {unknown}
 m - 3 scrolls of teleportation {unknown}
 n - 2 scrolls of blinking {unknown}
 s - a scroll of fear {unknown}
Potions
 i - a potion of haste
 l - a potion of resistance {unknown}
 o - a potion of cancellation {unknown}
 p - 2 potions of agility {unknown}
 q - a potion of brilliance {unknown}
 t - a potion of heal wounds {unknown}
 u - a potion of flight {unknown}
 v - a potion of invisibility
Comestibles
 f - 2 rations
 r - a chunk of flesh


   Skills:
 + Level 4.3 Fighting
 + Level 4.3 Long Blades
 + Level 5.5 Armour
 + Level 1.1 Dodging
 + Level 0.1 Stealth
 + Level 4.9 Shields


You had 4 spell levels left.
You didn't know any spells.
Your spell library contained the following spells:

 Spells                   Type           Power        Failure   Level  Hunger
 Magic Dart               Conj           #...         99%         1    ##.....
 Blink                    Tloc           N/A          100%        2    ###....
 Call Imp                 Summ           #.......     100%        2    ###....
 Slow                     Hex            #.......     100%        2    ###....
 Conjure Flame            Conj/Fire      #.......     100%        3    ####...
 Mephitic Cloud           Conj/Pois/Air  #.......     100%        3    ####...


Dungeon Overview and Level Annotations

Branches:
Dungeon (3/15)

Altars:

Annotations:
D:3 Grinder


Innate Abilities, Weirdness & Mutations

You reflexively headbutt those who attack you in melee.
You have a pair of horns on your head.


Message History

You are no longer poisoned.
You closely miss Grinder. You headbutt Grinder.
Grinder is lightly wounded.
Grinder says, "Tell me all your secrets, or I'll kill you."
Grinder hits you but does no damage. You block Grinder's attack.
You barely miss Grinder.
Grinder is lightly wounded.
Grinder hits you.
You writhe in agony.
You barely miss Grinder.
Grinder is lightly wounded.
Grinder hits you!
You writhe in agony.
* * * LOW HITPOINT WARNING * * *
You completely miss Grinder. You headbutt Grinder!
Grinder is moderately wounded.
Grinder hits you but does no damage.
You hit Grinder.
Grinder is moderately wounded.
Grinder gestures at you. Pain shoots through your body!
You die...

.# .# .# .. ### ### .#
#.# #.# .#
#.#######.### .#
#.#....@5...# .##
######....####.#.#
..###...##..#...[ยง...#
#....###.#....####....#
..#.##
##...#.......#... ....#
#.#.#.#####....###
###.# ##..#.# ..#.##
##.# #.#.#.# ###.#
#...##.#.# .#


You could see Grinder.

Vanquished Creatures
  A jelly (D:3)
  An orc priest (D:3)
  Natasha (twice) (D:2)
  3 gnolls
  6 adders
  A shadow imp (D:3)
  5 dart slugs (D:1)
  A leopard gecko (D:1)
  7 orcs (D:3)
  3 bats
  3 goblins (D:1)
  2 hobgoblins
  2 jackals (D:1)
  A frilled lizard (D:2)
  2 kobolds (D:2)
  6 rats
46 creatures vanquished.

Notes
Turn   | Place    | Note
-------+----------+-------------------------------------------
     0 | D:1      | Peloso the Minotaur Fighter began the quest for the Orb.
     0 | D:1      | Reached XP level 1. HP: 19/19 MP: 0/0
    43 | D:1      | Reached skill level 4 in Armour
    45 | D:1      | Reached XP level 2. HP: 26/27 MP: 1/1
   394 | D:1      | Reached XP level 3. HP: 30/33 MP: 2/2
   544 | D:2      | Noticed Natasha
   553 | D:2      | Killed Natasha
   553 | D:2      | Reached XP level 4. HP: 20/40 MP: 3/3
  1080 | D:2      | Noticed Natasha
  1084 | D:2      | Killed Natasha
  1084 | D:2      | Reached skill level 5 in Armour
  1084 | D:2      | Reached XP level 5. HP: 46/46 MP: 4/4
  1471 | D:3      | Reached skill level 1 in Dodging
  1716 | D:3      | Noticed Grinder
  1737 | D:3      | Killed from afar by Grinder

Skill      XL: |  1  2  3  4  5 |
---------------+----------------+-----
Armour         | 4 5 |  5.5
Fighting       | 4 |  4.3
Shields        | 4 |  4.9
Long Blades    | 3 4 |  4.3
Dodging        | 1 |  1.1
Stealth        | |  0.1

Action                   |  1- 3 |  4- 6 || total
-------------------------+-------+-------++-------
Melee: Long sword        |    51 |    82 ||   133
       Headbutt          |    11 |    14 ||    25
  Use: Potion            |       |     1 ||     1
  Eat: Chunk             |       |     3 ||     3
Armor: Scale mail        |    22 |    31 ||    53
Dodge: Dodged            |    18 |    27 ||    45
Block: Shield            |    35 |    65 ||   100
       Rpst.: Long sword |     3 |     2 ||     5
